General information
			
			
        
        - name: BNet
 
        - type: Ladder 1vs1/FFA
 
        - host: Battle.net
 
        - saver: rogetz
 
        
map: EchoIsles 
        - players: 2
 
        - length: 21:45
 
        - speed: Fast
 - version: 1.22 W3XP
 - replay type:  Public
 
» download(65 KB)
Players
        team 1 (winner) 
              
              
rogetz (
red | 57 APM | 1234 actions | 21:45)
              
 5 Pit Lord 
 2 Howl of Terror
 3 Rain of Fire
 5 Death Knight 
 3 Death Coil
 2 Unholy Aura
 
                » actions 
                
                | Assign group hotkey | 43 |  | 
| Basic commands | 1 |  | 
| Build / train | 66 |  | 
| Enter build submenu | 17 |  | 
| Enter hero's abilities submenu | 10 |  | 
| Give item / drop item | 2 |  | 
| Right click | 442 |  | 
| Select / deselect | 292 |  | 
| Select group hotkey | 277 |  | 
| Use ability | 83 |  | 
                1234 total
 » units 
                
                | Acolyte | 7 |  | 
| Ghoul | 2 |  | 
| Crypt Fiend | 11 |  | 
| Obsidian Statue | 3 |  | 
| Banshee | 7 |  | 
| Abomination | 5 |  | 
                35 total
 » upgrades
                
                | Burrow | 1 |  | 
| Web | 1 |  | 
| Banshee Training | 2 |  | 
| Destroyer Form | 1 |  | 
                5 total
 » buildings
                
                | Crypt | 1 |  | 
| Ziggurat | 6 |  | 
| Altar of Darkness | 1 |  | 
| Graveyard | 1 |  | 
| Tomb of Relics | 1 |  | 
| Nerubian Tower | 2 |  | 
| Halls of the Dead | 1 |  | 
| Temple of the Damned | 2 |  | 
| Slaughterhouse | 2 |  | 
| Necropolis | 1 |  | 
| Black Citadel | 1 |  | 
                19 total
 » build order
                00:09 Crypt
00:14 Ziggurat
00:35 Altar of Darkness
00:58 Graveyard
01:55 Ziggurat
02:08 Tomb of Relics
02:37 Nerubian Tower
03:40 Halls of the Dead
04:46 Ziggurat
05:49 Nerubian Tower
06:17 Temple of the Damned
06:20 Slaughterhouse
06:30 Ziggurat
10:00 Necropolis
10:26 Black Citadel
12:56 Ziggurat
14:16 Temple of the Damned
14:18 Ziggurat
18:07 Slaughterhouse
» items
                
                | Rod of Necromancy | 1 |  | 
| Dust of Appearance | 1 |  | 
| Potion of Lesser Invulnerability | 2 |  | 
| Scroll of Town Portal | 3 |  | 
| Potion of Healing | 2 |  | 
| Scroll of Healing | 1 |  | 
                10 total
  
               team 2 (loser) 
              
              
SuperJoe (
orange | 70 APM | 1518 actions | 21:44)
              
 4 Blademaster 
 2 Wind Walk
 2 Critical Strike
 2 Shadow Hunter 
 1 Healing Wave
 1 Hex
 
                » actions 
                
                | Assign group hotkey | 2 |  | 
| Basic commands | 15 |  | 
| Build / train | 61 |  | 
| Enter build submenu | 17 |  | 
| Enter hero's abilities submenu | 6 |  | 
| Give item / drop item | 2 |  | 
| Remove unit from queue | 1 |  | 
| Right click | 817 |  | 
| Select / deselect | 491 |  | 
| Select group hotkey | 2 |  | 
| Use ability | 104 |  | 
                1518 total
 » units 
                
                | Peon | 8 |  | 
| Grunt | 14 |  | 
| Raider | 13 |  | 
| Spirit Walker | 7 |  | 
| Forest Troll Shadow Priest | 1 |  | 
                43 total
 » upgrades
                
                | Spirit Walker Training | 1 |  | 
| Ensnare | 1 |  | 
                2 total
 » buildings
                
                | Altar of Storms | 1 |  | 
| Orc Burrow | 9 |  | 
| Barracks | 1 |  | 
| Voodoo Lounge | 1 |  | 
| Stronghold | 1 |  | 
| Beastiary | 1 |  | 
| Spirit Lodge | 1 |  | 
| Great Hall | 1 |  | 
| War Mill | 1 |  | 
                17 total
 » build order
                00:08 Altar of Storms
00:18 Orc Burrow
00:37 Barracks
01:32 Orc Burrow
02:00 Voodoo Lounge
02:47 Stronghold
03:51 Orc Burrow
06:16 Orc Burrow
06:19 Orc Burrow
06:22 Orc Burrow
06:24 Orc Burrow
07:13 Beastiary
07:53 Orc Burrow
08:54 Spirit Lodge
11:26 Great Hall
15:02 Orc Burrow
18:19 War Mill
» items
                
                | Healing Salve | 3 |  | 
| Lesser Clarity Potion | 2 |  | 
                5 total
  
                Chat log
          
(21:38 / All) SuperJoe: well gg
(21:40 / All) rogetz: gg